AoeStats
← DJANGO

Arabia

509279519Analyzed
1v1 RM · 5d ago on Sep 26, 2026· 49m 27s· 2 players
Game mode
Random Map
Map size
Tiny (2 player)
Population
200
Speed
Normal
Resources
Standard
Victory
Conquest
Starting age
Dark Age
Ending age
Imperial Age
RankedLock teamsTeams togetherTeam positionsShared explorationLock speedFull tech treeHidden civsTurbo modeCheats
Victory
Defeat
🇦🇷 Magyars · Argentina
910
+14
🇵🇪 Britons · Peru
858
-14
DJANGO
10:02 Feudal Age
10:41 Double-Bit Axe
10:39 Horse Collar
13:31 Wheelbarrow
17:09 Gold Mining
25:01 Castle Age
24:42 Arson
26:02 Hand Cart
25:18 Pikeman
25:58 Squires
26:09 Husbandry
33:11 Bow Saw
34:05 Heavy Plow
35:34 Stone Mining
40:35 Scale Mail Armor
42:01 Town Watch
43:53 Gold Shaft Mining
43:52 Padded Archer Armor
43:43 Fletching
47:52 Imperial Age
45:52 Fletching
46:23 Leather Archer Armor
48:16 Forging
48:58 Yeomen
48:59 Conscription
49:37 Ring Archer Armor
drom0028
4:36 Loom
9:52 Feudal Age
11:16 Town Watch
13:07 Scale Barding Armor
19:52 Castle Age
19:27 Double-Bit Axe
19:57 Bloodlines
22:30 Horse Collar
23:17 Husbandry
27:48 Heavy Plow
31:30 Coinage
31:57 Wheelbarrow
33:47 Corvinian Army
40:23 Imperial Age
38:11 Hand Cart
39:07 Bow Saw
39:45 Chain Barding Armor
41:27 Conscription
42:38 Heavy Scorpion
42:39 Capped Ram
44:39 Fervor
45:30 Recurve Bow
44:57 Elite Magyar Huszar
46:22 Fletching
47:53 Crop Rotation
48:40 Siege Engineers
50:24 Chemistry
Connection lost

Rejoining the realm…

Still unreachable

The connection could not be restored.

Session expired

The server has moved on; the page needs a fresh start.